 Dungeon Crawl Stone Soup version 0.23-a0-303-gfcac5dec12 (webtiles) character file.

108563 Leibowitz the Unseen (level 17, -5/106 HPs)
             Began as a Kobold Assassin on Oct 5, 2018.
             Was the Champion of Dithmenos.
             Slain by Norriv's ghost (22 damage)
             ... on level 1 of the Elven Halls on Oct 8, 2018.
             The game lasted 02:11:45 (31682 turns).

Leibowitz the Unseen (Kobold Assassin)             Turns: 31682, Time: 02:11:46

Health: -5/106     AC:  6    Str: 20    XL:     17   Next: 4%
Magic:  21/21      EV: 33    Int:  9    God:    Dithmenos [******]
Gold:   2074       SH: 10    Dex: 34    Spells: 16/16 levels left

rFire    x . .     SeeInvis +   a - +3 rapier (venom)
rCold    + . .     Gourm    .   A - +0 buckler
rNeg     + . .     Faith    .   F - +1 leather armour "Qiok" {rElec Str+3}
rPois    +         Spirit   .   W - +1 hat {SInv}
rElec    +         Reflect  .   B - -4 cloak of the Beggar {MR+ Int-5 Dex+10}
rCorr    .         Harm     .   y - +0 pair of gloves {archery}
MR       ++...                  s - +0 pair of boots
Stlth    ++++++++++             L - amulet of the acrobat
HPRegen  0.27/turn              x - ring of the Exiled Eyes {+Fly rPois Int+4}
MPRegen  0.17/turn              I - ring of Lah Nepn {Ice rN+ Str+3 Int-3 Dex+2 Stlth+}

@: mighty, wreathed by umbra
A: small, carnivore
a: Shadow Step, Shadow Form, Renounce Religion, Evoke Flight


You were on level 1 of the Elven Halls.
You worshipped Dithmenos.
Dithmenos was exalted by your worship.
You were completely stuffed.

You visited 7 branches of the dungeon, and saw 27 of its levels.
You also visited: Labyrinth.

You collected 2728 gold pieces.
You spent 654 gold pieces at shops.

Inventory:

Hand Weapons
 a - a +3 rapier of venom (weapon)
 b - a +0 blowgun
 h - the +1 scimitar of Checks and Balances {protect, rN+ SInv}
   (You found it in a labyrinth)

   It protects the one who uses it against injury (+AC on strike).
   It protects you from negative energy.
   It lets you see invisible.
 U - a +0 dagger of electrocution
 Y - a +2 long sword of protection
Missiles
 e - 41 poisoned needles
 f - 2 curare-tipped needles
 v - 2 needles of confusion
 R - 3 throwing nets (quivered)
Armour
 s - a +0 pair of boots (worn)
 y - a +0 pair of gloves of archery (worn)
 A - a +0 buckler (worn)
 B - the -4 cloak of the Beggar (worn) {MR+ Int-5 Dex+10}
   (You found it in a labyrinth)

   It affects your intelligence (-5).
   It affects your dexterity (+10).
   It affects your resistance to hostile enchantments.
 F - the +1 leather armour "Qiok" (worn) {rElec Str+3}
   (You bought it in a shop on level 2 of the Orcish Mines)

   It affects your strength (+3).
   It insulates you from electricity.
 W - a +1 hat of see invisible (worn)
Jewellery
 w - an uncursed ring of fire {unknown}
 x - the ring of the Exiled Eyes (left hand) {+Fly rPois Int+4}
   (You bought it in a shop on level 2 of the Orcish Mines)

   [ring of flight]

   It affects your intelligence (+4).
   It protects you from poison.
   It lets you fly.
 H - a cursed amulet of inaccuracy {unknown}
 I - the ring of Lah Nepn (right hand) {Ice rN+ Str+3 Int-3 Dex+2 Stlth+}
   (You found it on level 5 of the Dungeon)

   [ring of ice]

   It enhances your ice magic.
   It affects your strength (+3).
   It affects your intelligence (-3).
   It affects your dexterity (+2).
   It makes you vulnerable to fire.
   It protects you from cold.
   It protects you from negative energy.
   It makes you more stealthy.
 L - an amulet of the acrobat (around neck)
Wands
 d - a wand of flame (36)
 m - a wand of iceblast (9)
 r - a wand of digging (40)
 u - a wand of paralysis (30)
 G - a wand of polymorph (25)
 J - a wand of acid (28)
 M - a wand of scattershot (5)
 N - a wand of enslavement (14)
 O - a wand of disintegration (30)
Scrolls
 i - 8 scrolls of remove curse
 j - 14 scrolls of teleportation
 k - 10 scrolls of identify
 o - 3 scrolls of fog
 q - 4 scrolls of blinking
 t - 5 scrolls of enchant armour
 C - 4 scrolls of enchant weapon
 D - 4 scrolls of amnesia
 P - a scroll of vulnerability {unknown}
 Q - 2 scrolls of fear
 T - a scroll of magic mapping
 X - a scroll of silence {unknown}
Potions
 c - a potion of cancellation
 l - a potion of lignification
 n - a potion of agility
 p - 7 potions of flight
 z - 3 potions of brilliance
 E - 3 potions of heal wounds
 S - 3 potions of curing
Comestibles
 g - 33 rations
 V - 2 chunks of flesh


   Skills:
 * Level 12.2 Fighting
 - Level 14.8(15.0) Short Blades
 + Level 2.3(6.8) Long Blades
 + Level 3.4 Throwing
 * Level 8.9 Armour
 * Level 13.8 Dodging
 + Level 16.7 Stealth
 * Level 9.7 Shields
 + Level 2.2 Invocations
 * Level 6.3 Evocations


You had 16 spell levels left.
You didn't know any spells.
Your spell library contained the following spells:

 Spells                   Type           Power        Failure   Level  Hunger
 Beastly Appendage        Tmut           #.....       43%         1    ##.....
 Confusing Touch          Hex            #.....       43%         1    ##.....
 Flame Tongue             Conj/Fire      #....        43%         1    ##.....
 Magic Dart               Conj           #...         43%         1    ##.....
 Sandblast                Erth           #.....       43%         1    ##.....
 Summon Butterflies       Summ           #.......     43%         1    ##.....
 Passwall                 Tmut/Erth      #.......     56%         2    ###....
 Searing Ray              Conj           #.....       56%         2    ###....
 Sticks to Snakes         Tmut           #.......     56%         2    ###....
 Call Canine Familiar     Summ           #.......     80%         3    ####...
 Confuse                  Hex            #.......     80%         3    ####...
 Dazzling Spray           Conj/Hex       #.....       80%         3    ####...
 Gell's Gravitas          Tloc           #.........   80%         3    ####...
 Ignite Poison            Fire/Tmut/Pois #.......     80%         3    ####...
 Spider Form              Tmut/Pois      #.........   80%         3    ####...
 Stone Arrow              Conj/Erth      #.....       80%         3    ####...
 Force Lance              Conj/Tloc      #.......     99%         4    #####..
 Fulminant Prism          Conj/Hex       #.........   99%         4    #####..
 Ice Form                 Ice/Tmut       #.......     99%         4    #####..
 Iskenderun's Mystic Bla  Conj           #.......     99%         4    #####..
 Petrify                  Tmut/Erth      #.......     99%         4    #####..
 Summon Ice Beast         Ice/Summ       #.......     99%         4    #####..
 Blade Hands              Tmut           #.........   100%        5    ######.
 Irradiate                Conj/Tmut      #.........   100%        5    ######.
 Lee's Rapid Deconstruct  Erth           #.........   100%        5    ######.
 Metabolic Englaciation   Hex/Ice        #.........   100%        5    ######.
 Summon Mana Viper        Hex/Summ       #.......     100%        5    ######.
 Yara's Violent Unravell  Hex/Tmut       #.........   100%        5    ######.
 Bolt of Fire             Conj/Fire      #.........   100%        6    #######
 Hydra Form               Tmut           #.........   100%        6    #######
 Statue Form              Tmut/Erth      #........    100%        6    #######
 Dragon Form              Tmut           #.........   100%        7    #######
 Summon Hydra             Summ           #.........   100%        7    #######
 Ignition                 Fire           #.........   100%        8    #######


Dungeon Overview and Level Annotations

Branches:
Dungeon (15/15)            Temple (1/1) D:6            Lair (6/6) D:10
  Swamp (1/4) Lair:4       Spider (1/4) Lair:3        Slime (0/5) Lair:5
    Orc (2/2) D:12            Elf (1/3) Orc:2        Vaults (0/5) D:13
 Depths: D:15

Altars:
Ashenzari
Cheibriados
Dithmenos
Elyvilon
Fedhas
Gozag
Hepliaklqana
Kikubaaqudgha
Makhleb
Nemelex Xobeh
Okawaru
Qazlal
Ru
Sif Muna
Trog
Uskayaw
Vehumet
Wu Jian
Xom
Yredelemnul
Zin
The Shining One
Beogh
Lugonu

Shops:
D:8 *   D:9 }   Orc:2 =}(*(   Elf:1 !

Annotations:
D:10 feta's ghost, journeyman TrHu
D:12 exclusion: orange crystal statue
Lair:6 exclusion: oklob plant
Elf:1 Norriv's ghost, adept MiGl


Innate Abilities, Weirdness & Mutations

You are small and have problems with some larger weapons.
You are carnivorous and can eat meat at any time.


Message History

Norriv's ghost is almost destroyed.
You closely miss Norriv's ghost.
Norriv's ghost is almost destroyed.
Norriv's ghost hits you!! Norriv's ghost burns you!
You barely miss Norriv's ghost.
Norriv's ghost is almost destroyed.
Evoke which item? (* to show all) (? for menu, Esc to quit)
Aiming: Disintegrate
Press: ? - help, Shift-Dir - straight line, f - Norriv's ghost
Aim: Norriv's ghost, wielding a weapon of flaming (almost destroyed, umbra, Norriv's ghost resists with almost no effort.
You block Norriv's ghost's attack.
Evoke which item? (* to show all) (? for menu, Esc to quit)
Okay, then.
Okay, then.
You feel very mighty all of a sudden. Norriv's ghost hits you!!
* * * LOW HITPOINT WARNING * * *
Norriv's ghost burns you!!
You die...

.....######.#.#
..##........#.#
..##.......##....
..##.#####.# #
.........#.######
................##
...........#.###.####
............#.....#)♣#
............#.>.@W'|8#
..........#.#...#.#)♣#
.............###.####
................##
...?.....###...##
...####### ###.#
....### #.# ......##
#.# ...###.## #.#


You could see Norriv's ghost.

Vanquished Creatures
  Gastronok (D:8)
  A minotaur (Lab)
  Josephine (Lair:6)
  Snorg (Lair:6)
  A vault guard (D:13)
  Erolcha (Orc:1)
  5 hydras
  3 centaur warriors
  2 dancing weapons (Elf:1)
  An alligator (Lair:4)
  A tengu warrior (D:14)
  8 orc high priests (Orc:2)
  5 unseen horrors
  2 wizards (D:13)
  Pikel (D:8)
  2 orc knights
  7 deep elf magi
  10 ugly things
  3 cyclopes
  A wolf spider (Lair:3)
  3 manticores
  4 black mambas
  Maurice (D:8)
  12 elephants
  6 gargoyles
  The ghost of nawrastar the Shield-Bearer, a novice FoFi of Xom (D:4)
  13 spiny frogs
  A rime drake (Lair:4)
  7 komodo dragons
  A minotaur skeleton (Lab)
  7 polar bears
  3 meliai (D:14)
  A tengu conjurer (D:14)
  3 trolls
  Grinder (D:3)
  5 blink frogs (Lair:3)
  8 hornets
  11 slime creatures
  5 dream sheep (Lair:6)
  5 hippogriffs
  2 shadows (Lab)
  2 tarantellas (Spider:1)
  4 wraiths
  2 redbacks
  10 spriggans (Lair:6)
  3 wyverns
  A water elemental (Elf:1)
  2 vampires
  20 humans (D:13)
  3 basilisks
  44 yaks
  A fire elemental (Elf:1)
  8 hungry ghosts
  2 vampire mosquitoes (D:14)
  8 wargs
  A soldier ant (D:10)
  A swamp worm (Swamp:1)
  9 water moccasins
  11 porcupines
  An ice beast (D:4)
  19 orc warriors
  7 black bears
  A sky beast (D:9)
  11 ogres
  6 necrophages
  15 centaurs
  2 phantoms
  27 wolves
  4 boggarts (Lair:6)
  17 crocodiles
  16 bullfrogs
  A water moccasin zombie (D:7)
  A wyvern zombie (D:13)
  7 scorpions
  24 killer bees
  3 wights (D:8)
  A howler monkey (D:13)
  An electric eel (Lair:4)
  5 bullfrog zombies
  2 centaur zombies
  6 crimson imps
  4 lava snakes (Lab)
  A quasit (D:8)
  45 orc priests
  A bullfrog skeleton (D:12)
  8 hounds
  13 jellies
  7 centaur skeletons
  16 worker ants
  5 iguanas
  22 orc wizards
  Terence (D:3)
  2 worker ant zombies
  3 gnolls (Orc:2)
  2 howler monkey skeletons
  11 adders
  6 oozes
  2 adder zombies
  An adder skeleton (D:9)
  7 worms
  A dart slug (D:4)
  5 leopard geckos
  95 orcs
  6 giant cockroaches
  2 gnoll zombies (D:5)
  4 goblins
  6 hobgoblins
  5 jackals
  5 quokkas
  6 bats
  6 frilled lizards
  5 kobolds
  2 quokka zombies (D:5)
  7 rats
  3 butterflies
  A fungus (Lair:6)
782 creatures vanquished.

Vanquished Creatures (others)
  An orc priest (Orc:1)
  2 bushes (D:10)
  20 fungi
  28 plants
  2 withered plants (D:10)
53 creatures vanquished.

Grand Total: 835 creatures vanquished

Notes
Turn   | Place    | Note
-------+----------+-------------------------------------------
     0 | D:1      | Leibowitz the Kobold Assassin began the quest for the Orb.
     0 | D:1      | Reached XP level 1. HP: 12/12 MP: 1/1
   390 | D:1      | Reached XP level 2. HP: 17/17 MP: 2/2
   489 | D:1      | You fall through a shaft!
   494 | D:2      | Reached skill level 6 in Stealth
   500 | D:2      | Reached XP level 3. HP: 22/22 MP: 3/3
   843 | D:2      | Reached XP level 4. HP: 24/27 MP: 4/4
  1328 | D:3      | Found a stormy altar of Qazlal.
  1347 | D:3      | Noticed Terence
  1392 | D:3      | Killed Terence
  1392 | D:3      | Reached XP level 5. HP: 31/31 MP: 5/5
  1399 | D:3      | Reached skill level 7 in Stealth
  1661 | D:3      | Reached skill level 1 in Armour
  1708 | D:3      | Reached XP level 6. HP: 36/36 MP: 6/6
  1842 | D:3      | Noticed Grinder
  1853 | D:3      | Paralysed by Grinder for 2 turns
  1863 | D:3      | Killed Grinder
  1863 | D:3      | Reached skill level 5 in Short Blades
  1863 | D:3      | Reached XP level 7. HP: 20/41 MP: 7/7
  2299 | D:4      | Found a runed gate.
  2300 | D:4      | Found a runed gate.
  2300 | D:4      | Noticed nawrastar's ghost (novice FoFi)
  2301 | D:4      | Found a runed gate.
  2303 | D:4      | Found a radiant altar of Vehumet.
  3042 | D:5      | Entered Level 5 of the Dungeon
  3211 | D:5      | Got a flickering copper ring
  3212 | D:5      | Identified the ring of Lah Nepn {Ice rN+ Str+3 Int-3 Dex+2
                  | Stlth+} (You found it on level 5 of the Dungeon)
  3291 | D:5      | Reached skill level 8 in Stealth
  3291 | D:5      | Reached XP level 8. HP: 46/46 MP: 8/8
  3430 | D:5      | Found a basalt altar of Yredelemnul.
  3745 | D:6      | Found a glowing golden altar of the Shining One.
  4030 | D:6      | Reached skill level 9 in Stealth
  4153 | D:6      | Reached skill level 5 in Dodging
  4430 | D:6      | Found a staircase to the Ecumenical Temple.
  4439 | Temple   | Entered the Ecumenical Temple
  4542 | Temple   | Became a worshipper of Dithmenos the Shadowed
  4828 | D:7      | You fall through a shaft for 3 floors!
  4828 | D:10     | Entered Level 10 of the Dungeon
  4868 | D:9      | Reached XP level 9. HP: 49/52 MP: 9/9
  5150 | D:8      | Noticed Gastronok
  5165 | D:8      | Found Fafeng's Elemental Accessories.
  5230 | D:8      | Found a hide-covered altar of Uskayaw.
  5332 | D:8      | Noticed a cyclops
  5682 | D:7      | Reached skill level 1 in Shields
  5725 | D:7      | Reached * piety under Dithmenos
  6212 | D:7      | Reached skill level 10 in Stealth
  6542 | D:9      | Found Gaecsyta's Gadget Boutique.
  6599 | D:9      | Found a shattered altar of Ashenzari.
  6893 | D:9      | Reached XP level 10. HP: 56/58 MP: 10/10
  6912 | D:9      | Reached skill level 5 in Fighting
  6932 | D:9      | Found a deep blue altar of Sif Muna.
  6936 | D:9      | Found a hazy altar of Hepliaklqana.
  6936 | D:9      | Found a bloodstained altar of Trog.
  6937 | D:9      | Found an ancient bone altar of Kikubaaqudgha.
  6941 | D:9      | Found an opulent altar of Gozag.
  7021 | D:9      | Found a blossoming altar of Fedhas.
  7183 | D:9      | Reached skill level 10 in Short Blades
  7632 | D:10     | Reached ** piety under Dithmenos
  7999 | D:10     | Reached skill level 1 in Evocations
  8095 | D:10     | Found a staircase to the Lair.
  8193 | D:10     | Reached XP level 11. HP: 40/63 MP: 11/11
  8441 | D:10     | Noticed a cyclops
  8447 | D:10     | Killed a cyclops
  8496 | D:10     | Reached skill level 11 in Stealth
  8552 | D:10     | Noticed a brown ugly thing
  8574 | D:10     | Killed a brown ugly thing
  8639 | D:10     | Noticed feta's ghost (journeyman TrHu)
  8640 | D:10     | Found a runed door.
  8863 | D:10     | Reached *** piety under Dithmenos
  8967 | D:10     | HP: 3/65 [gargoyle/stone arrow (28)]
  9818 | Lair:1   | Entered Level 1 of the Lair of Beasts
  9829 | Lair:1   | Identified the Almanac of Transmigration
  9966 | Lair:1   | HP: 3/66 [hippogriff (7)]
  9967 | Lair:1   | Reached skill level 5 in Armour
  9972 | Lair:1   | HP: 2/66 [poisoned by a water moccasin]
 11606 | Lair:2   | Reached XP level 12. HP: 72/72 MP: 12/12
 12007 | Lair:2   | Noticed a six-headed hydra
 12014 | Lair:2   | Killed a six-headed hydra
 12635 | Lair:3   | Found a hole to the Spider Nest.
 12640 | Lair:3   | Reached skill level 12 in Stealth
 13649 | Lair:4   | Reached skill level 13 in Stealth
 13679 | Lair:4   | Reached skill level 10 in Dodging
 14242 | Lair:4   | Reached skill level 5 in Shields
 14375 | Lair:4   | Noticed an eight-headed hydra
 14419 | Lair:5   | Reached XP level 13. HP: 73/79 MP: 14/14
 14433 | Lair:5   | Reached **** piety under Dithmenos
 15031 | Lair:4   | Reached skill level 14 in Stealth
 15548 | D:8      | Noticed Maurice
 15553 | D:8      | Killed Maurice
 15736 | D:8      | Killed Gastronok
 16282 | D:8      | Noticed Pikel
 16311 | D:8      | Killed Pikel
 16580 | D:4      | Killed nawrastar's ghost
 17486 | D:11     | Noticed a seven-headed hydra
 17490 | D:11     | Killed a seven-headed hydra
 17503 | D:11     | Found a labyrinth entrance.
 17507 | Lab      | Entered a labyrinth
 18318 | Lab      | Reached skill level 1 in Long Blades
 18418 | Lab      | Noticed a minotaur
 18441 | Lab      | Killed a minotaur
 18475 | Lab      | Identified the Catalogue of Heat
 18479 | Lab      | Got a brightly glowing scimitar
 18479 | Lab      | Got a spiked cloak
 18490 | Lab      | Identified the cursed -4 cloak of the Beggar {MR+ Int-5
                  | Dex+10} (You found it in a labyrinth)
 18500 | Lab      | Identified the cursed +1 scimitar of Checks and Balances
                  | {protect, rN+ SInv} (You found it in a labyrinth)
 18728 | D:11     | Reached skill level 10 in Fighting
 18728 | D:11     | Reached XP level 14. HP: 88/88 MP: 14/16
 19470 | D:12     | Found a staircase to the Orcish Mines.
 19521 | D:12     | Reached XP level 15. HP: 72/92 MP: 17/17
 19840 | D:12     | Reached skill level 15 in Stealth
 20600 | Orc:1    | Entered Level 1 of the Orcish Mines
 20613 | Orc:1    | Reached ***** piety under Dithmenos
 20873 | Orc:2    | Entered Level 2 of the Orcish Mines
 21243 | Orc:1    | Noticed Erolcha
 21741 | Orc:2    | Found a roughly hewn altar of Beogh.
 21751 | Orc:2    | Found Kaeveylu's Weapon Emporium.
 21753 | Orc:2    | Found a staircase to the Elven Halls.
 21930 | Orc:2    | Found a roughly hewn altar of Beogh.
 22603 | Orc:2    | Found a roughly hewn altar of Beogh.
 22632 | Orc:2    | Found Arear's Assorted Antiques.
 22632 | Orc:2    | Found Jaubol's Weapon Shoppe.
 23076 | Orc:2    | Bought a heavily runed bone ring for 175 gold pieces
 23076 | Orc:2    | Bought a warped leather armour for 245 gold pieces
 23086 | Orc:2    | Identified the +1 leather armour "Qiok" {rElec Str+3} (You
                  | bought it in a shop on level 2 of the Orcish Mines)
 23087 | Orc:2    | Identified the ring of the Exiled Eyes {+Fly rPois Int+4}
                  | (You bought it in a shop on level 2 of the Orcish Mines)
 23183 | Orc:2    | Found Pikkena's Jewellery Shop.
 23202 | Orc:2    | Found Tasisk's Gadget Shoppe.
 23258 | Orc:2    | Bought a wand of paralysis (16) for 234 gold pieces
 23569 | Orc:1    | Killed Erolcha
 25321 | Lair:5   | Found a staircase to the Slime Pits.
 25358 | Lair:5   | Reached ****** piety under Dithmenos
 25741 | Lair:5   | You fall through a shaft!
 25741 | Lair:6   | Entered Level 6 of the Lair of Beasts
 26756 | Lair:6   | Reached XP level 16. HP: 77/100 MP: 19/19
 27287 | Lair:6   | Noticed Josephine
 27293 | Lair:6   | Killed Josephine
 27629 | Lair:6   | Noticed Snorg
 27632 | Lair:6   | Killed Snorg
 27632 | Lair:6   | Reached skill level 5 in Evocations
 28269 | Lair:4   | Found a staircase to the Swamp.
 28553 | Lair:4   | Reached skill level 16 in Stealth
 28783 | Swamp:1  | Entered Level 1 of the Swamp
 28787 | Lair:4   | Upgraded the game from 0.23-a0-296-ga3b1b28ecf to
                  | 0.23-a0-303-gfcac5dec12
 28824 | Spider:1 | Entered Level 1 of the Spider Nest
 30101 | D:13     | Found a gate to the Vaults.
 31312 | D:15     | Entered Level 15 of the Dungeon
 31437 | Elf:1    | Entered Level 1 of the Elven Halls
 31458 | Elf:1    | Found Sumienn's Distillery.
 31548 | Elf:1    | Reached XP level 17. HP: 106/106 MP: 21/21
 31666 | Elf:1    | Found a runed door.
 31667 | Elf:1    | Noticed Norriv's ghost (adept MiGl)
 31682 | Elf:1    | Slain by Norriv's ghost

Vault maps used:
D:1:      minmay_arrival_arboretum_small
D:2:      first_ration, minmay_unequal
D:3:      overflow_temple_1_default, uniq_grinder, uniq_terence
D:4:      vehumet_altar_wand_db, gammafunk_ghost_split
D:5:      lemuel_zombie_altar_yredelemnul
D:6:      minmay_temple_entry_poolview, grunt_ministairs_12, tso_metal_star
D:8:      cheibrodos_helix_gallery, overflow_temple_1_default,
          nicolae_elemental_shop, uniq_gastronok, uniq_maurice, uniq_pikel
D:9:      ashenzari_conservatory_becter, minitemple, serial_shops,
          nicolae_shop_trees, fedhas_altar_decomposition
D:10:     cheibrodos_statue_roulette, minmay_lair_entry_grove,
          gammafunk_ghost_grave, hangedman_pestilent_swarm
D:11:     lab_entry_generic
D:12:     orc_0_dummy, grunt_ministairs_1, minmay_statue_bubble
D:13:     grunt_vaults_entry_tiered
D:14:     minmay_staircase_bubble, minivault_26
D:15:     hangedman_depths_entry_civil_slaughter, lightli_fourway_metalbox
Temple:   kb_corrupted_temple
Lair:2:   beast_lair_carwin_large_3, serial_bayou_shore_a
Lair:3:   nicolae_spider_entry_non_spiders, beast_lair_carwin_10
Lair:4:   swamp_mist_pool, beast_lair_carwin_9, grunt_megastairs_1
Lair:5:   minmay_slime_entry_jelly_boxes, lemuel_fruit_fields,
          infiniplex_staircase_pool_2, lemuel_fruit_fields
Lair:6:   minmay_lair_end_enchanted_forest, minmay_lair_oklob_bushes,
          infiniplex_staircase_pool, lemuel_fruit_fields, uniq_josephine,
          uniq_snorg
Swamp:1:  evilmike_swamp_ruin_house_2, swamp_pool3, roderic_carrion_pond,
          uniq_louise, uniq_roxanne
Spider:1: nicolae_spider_hall_of_the_moth_king
Orc:1:    uniq_erolcha
Orc:2:    st_orc_town, basic_altar, serial_shops, nicolae_shop_trees,
          lemuel_statue_altar
Elf:1:    gammafunk_ghost_grave, serial_shops, shop, hangedman_elf_represent,
          minivault_27
Lab:      labyrinth_spiral, labyrinth_lava_lair, nicolae_lab_do_over,
          nicolae_lab_stuck, nicolae_lab_grate, labyrinth_skeletal_remains,
          nicolae_lab_hexagon, nicolae_lab_quarters, nicolae_lab_blocks,
          nicolae_lab_x

Skill      XL: |  1  2  3  4  5  6  7  8  9 10 11 12 13 14 15 16 |
---------------+-------------------------------------------------+-----
Stealth        | 6 7 8 9 10 11 13 14 15 16 | 16.7
Short Blades   | 3 4 5 6 8 9 11 12 13 14 | 14.8
Dodging        | 2 3 4 5 6 7 9 10 11 12 13 | 13.8
Armour         | 1 2 3 4 5 6 7 8 |  8.9
Fighting       | 3 4 6 7 8 10 11 12 | 12.2
Shields        | 1 2 4 5 6 8 9 |  9.7
Evocations     | 1 3 4 6 |  6.3
Long Blades    | 2 |  2.3
Throwing       | 3 |  3.4
Invocations    | 2 |  2.2

Action                   |  1- 3 |  4- 6 |  7- 9 | 10-12 | 13-15 | 16-18 || total
-------------------------+-------+-------+-------+-------+-------+-------++-------
Melee: Dagger            |    50 |   123 |       |       |    49 |       ||   222
       Short sword       |       |    50 |   437 |  1148 |  1753 |       ||  3388
       Long sword        |       |       |       |       |   164 |       ||   164
       Scimitar          |       |       |       |       |    22 |       ||    22
       Rapier            |       |       |       |       |    39 |   785 ||   824
 Fire: Blowgun           |     1 |     4 |     6 |       |    11 |       ||    22
Invok: Shadow Step       |       |       |       |     1 |     8 |     5 ||    14
Evoke: Wand              |       |     2 |     5 |    11 |    25 |     7 ||    50
  Use: Scroll            |       |       |     6 |    11 |     8 |       ||    25
       Potion            |       |       |     7 |     5 |    10 |     1 ||    23
 Stab: Sleeping          |     7 |     9 |    18 |    26 |    78 |    39 ||   177
       Distracted        |       |       |     2 |     2 |     5 |    13 ||    22
       Invisible         |       |       |       |     9 |       |       ||     9
       Paralysed         |       |       |       |       |     2 |       ||     2
  Eat: Chunk             |     7 |     5 |    11 |    29 |    44 |    16 ||   112
       Ration            |       |       |       |     1 |     4 |       ||     5
Armor: Robe              |    21 |    30 |    28 |       |       |       ||    79
       Ring mail         |       |       |    50 |   113 |    72 |       ||   235
       Skin              |       |       |       |       |     1 |       ||     1
       Leather armour    |       |       |       |       |    21 |    12 ||    33
Dodge: Dodged            |    32 |   137 |   238 |   579 |  1080 |   492 ||  2558
Block: Buckler           |       |       |    60 |   206 |   583 |   284 ||  1133
       Rpst.: Long sword |       |       |       |       |    28 |       ||    28
       Scimitar          |       |       |       |       |     4 |       ||     4

Table legend:
 A = Non-vault XP
 B = Vault XP
 C = Vault XP percentage of total XP
 D = Non-vault monster count
 E = Vault monster count
 F = Vault count percentage of total count
                 A         B        C        D         E       F
            +---------+---------+-------+---------+---------+-------
      Total |   81514 |   47850 |  37.0 |     533 |     245 |  31.5
            +---------+---------+-------+---------+---------+-------
        D:1 |      12 |       0 |   0.0 |       9 |       0 |   0.0
        D:2 |      84 |       4 |   4.5 |      24 |       2 |   7.7
        D:3 |     156 |     318 |  67.1 |      26 |       2 |   7.1
        D:4 |     263 |     569 |  68.4 |      14 |       6 |  30.0
        D:5 |     320 |       4 |   1.2 |       7 |       2 |  22.2
        D:6 |     669 |       0 |   0.0 |      19 |       0 |   0.0
        D:7 |    1207 |       0 |   0.0 |      26 |       0 |   0.0
        D:8 |    1302 |    3486 |  72.8 |      18 |       4 |  18.2
        D:9 |     968 |     833 |  46.3 |      24 |       8 |  25.0
       D:10 |    4221 |    3836 |  47.6 |      33 |      21 |  38.9
       D:11 |    4284 |    1033 |  19.4 |      26 |       5 |  16.1
       D:12 |    5318 |       0 |   0.0 |      32 |       0 |   0.0
       D:13 |    9538 |    6436 |  40.3 |      35 |      25 |  41.7
       D:14 |   11495 |       0 |   0.0 |      34 |       0 |   0.0
       D:15 |     203 |       0 |   0.0 |       2 |       0 |   0.0
     Lair:1 |    1905 |       0 |   0.0 |      11 |       0 |   0.0
     Lair:2 |    3072 |    1718 |  35.9 |       8 |       8 |  50.0
     Lair:3 |    2943 |    1338 |  31.3 |      12 |      17 |  58.6
     Lair:4 |    7964 |    4386 |  35.5 |      26 |      15 |  36.6
     Lair:5 |    3876 |     509 |  11.6 |      15 |      14 |  48.3
     Lair:6 |    9958 |   10781 |  52.0 |      39 |      49 |  55.7
    Swamp:1 |     162 |       0 |   0.0 |       1 |       0 |   0.0
   Spider:1 |     649 |       0 |   0.0 |       3 |       0 |   0.0
      Orc:1 |    2594 |    1004 |  27.9 |      40 |       1 |   2.4
      Orc:2 |    3287 |    8482 |  72.1 |      40 |      53 |  57.0
      Elf:1 |    5064 |       0 |   0.0 |       9 |       0 |   0.0
        Lab |       0 |    3113 | 100.0 |       0 |      13 | 100.0
            +---------+---------+-------+---------+---------+-------
